 Dungeon Crawl Stone Soup version 0.27.0-1-g7a089689b8 (webtiles) character file.

Game seed: 14717876304587012267

1332 dtburroughs the Chopper (level 8, 0/73 HPs)
             Began as a Minotaur Berserker on Aug 4, 2021.
             Was a Priest of Trog.
             Slain by a gnoll (5 damage)
             ... on level 6 of the Dungeon.
             The game lasted 00:09:40 (6000 turns).

dtburroughs the Chopper (Minotaur Berserker)        Turns: 6000, Time: 00:09:41

Health: 0/73       AC:  5    Str: 22    XL:     8   Next: 34%
Magic:  7/7        EV: 13    Int:  6    God:    Trog [***...]
Gold:   190        SH:  0    Dex: 10    Spells: 7/7 levels left

rFire    + . .     SeeInvis .   m - +2 war axe (flame)
rCold    + . .     Faith    .   (no shield)
rNeg     + . .     Spirit   .   v - +0 leather armour "Mithaen" {rF+ rC+ rN+}
rPois    .         Reflect  .   (helmet restricted)
rElec    .         Harm     .   h - +0 cloak
rCorr    .         Rampage  .   (no gloves)
Will     ++...                  (no boots)
Stlth    +.........             (no amulet)
HPRegen  1.22/turn              (no ring)
MPRegen  0.10/turn              (no ring)

@: lethally poisoned (0 -> -14), strong-willed, regenerating
A: horns 2, retaliatory headbutt
a: Renounce Religion, Berserk, Trog's Hand


You were on level 6 of the Dungeon.
You worshipped Trog.
Trog was most pleased with you.
You visited 1 branch of the dungeon, and saw 6 of its levels.
You also visited: Ossuary.

You collected 190 gold pieces.

Inventory:

Hand Weapons
 a - a +0 hand axe
 m - a +2 war axe of flaming (weapon)
 x - a +1 hand axe of electrocution
Missiles
 t - a throwing net (quivered)
Armour
 c - a +0 scale mail
 h - a +0 cloak (worn)
 v - the +0 leather armour "Mithaen" (worn) {rF+ rC+ rN+}
   (You found it on level 5 of the Dungeon)

   rF:        It protects you from fire.
   rC:        It protects you from cold.
   rN:        It protects you from negative energy.
Jewellery
 i - a ring of see invisible
 j - a +6 ring of intelligence
 w - an amulet of magic regeneration
Scrolls
 b - a scroll of acquirement {unknown}
 d - 6 scrolls of identify {unknown}
 e - 2 scrolls of amnesia {unknown}
 f - a scroll of immolation {unknown}
 g - 3 scrolls of fog {unknown}
 l - a scroll of enchant armour {unknown}
 o - a scroll of magic mapping {unknown}
 q - 2 scrolls of noise {unknown}
 s - a scroll of enchant weapon {unknown}
 y - a scroll of torment {unknown}
 z - a scroll of holy word {unknown}
Potions
 k - 3 potions of heal wounds {unknown}
 n - a potion of magic {unknown}
 p - a potion of might {unknown}
 r - 2 potions of curing {unknown}
 u - 2 potions of invisibility {unknown}


   Skills:
 + Level 7.0 Fighting
 + Level 7.1 Axes
 + Level 6.5 Armour
 + Level 5.9 Dodging


You had 7 spell levels left.
You didn't know any spells.
Your spell library was empty.

Dungeon Overview and Level Annotations

Branches:
Dungeon (6/15)             Temple (0/1) D:4         Ossuary (visited)

Altars:

Shops:
D:5 *


Innate Abilities, Weirdness & Mutations

You have a pair of horns on your head.
You reflexively headbutt those who attack you in melee.


Message History

You kill the gnoll!
Trog accepts your kill.
You hit the gnoll sergeant but do no damage.
You feel the effects of Trog's Hand fading.
The gnoll sergeant closely misses you. The gnoll misses you.
A gnoll comes into view. It is wielding a +0 halberd.
The gnoll shouts!
The gnoll hits you with a +0 club.
The gnoll sergeant hits you with a +3 trident of venom!
You are poisoned.
The gnoll barely misses you.
Things that are here:
a +0 club; a gnoll corpse You closely miss the gnoll.
The gnoll is lightly wounded.
You hit the gnoll sergeant but do no damage.
You hit the gnoll. You burn the gnoll.
You feel extremely sick. The gnoll hits you with a +0 club.
The gnoll sergeant hits you with a +3 trident of venom!
You are more poisoned.
The gnoll misses you. The gnoll hits you with a +0 club.
You closely miss the gnoll.
The gnoll is lightly wounded.
You hit the gnoll sergeant but do no damage.
You slash the gnoll! You burn the gnoll.
You kill the gnoll!
Trog accepts your kill.
You feel extremely sick. The gnoll sergeant barely misses you.
The gnoll hits you with a +0 halberd!
* * * LOW HITPOINT WARNING * * *
The orc barely misses you.
Your skin crawls.
You feel strong-willed.
* * * LOW HITPOINT WARNING * * *
You feel extremely sick.
A wight comes into view. It is wielding a +4 spear.
The gnoll sergeant misses you. You furiously retaliate!
You headbutt the gnoll sergeant! The gnoll hits you with a +0 halberd.
You die...

#.###.# # #.....z
#. #..##.# #..
#..##.#
#..####..##)#####..
#....<#..#zg)ggg...
#.....#..#g######..
#.#......#o#
#.......g@g#
###.....####
##.#.... #.#..###
#..... ..#..##
.....# .. #.#


You could see a gnoll sergeant, 2 wights, 3 gnolls and an orc.

Vanquished Creatures
  Grinder (D:3)
  3 ogres
  A bullfrog (D:3)
  2 human zombies (Ossuary)
  A centaur zombie (Ossuary)
  2 jellies
  Crazy Yiuf (D:2)
  3 hounds
  4 orc priests
  An orc wizard (D:6)
  2 iguanas
  Natasha (D:4)
  A hound zombie (D:5)
  A hound skeleton (D:5)
  2 mummies (Ossuary)
  5 gnolls
  10 adders
  A white imp (D:5)
  2 adder zombies
  2 worms
  4 dart slugs
  8 orcs
  7 endoplasms
  2 giant cockroaches
  6 hobgoblins
  5 jackals (D:1)
  2 quokkas (D:1)
  9 ball pythons
  4 frilled lizards
  2 goblins
  10 hobgoblin zombies (Ossuary)
  A jackal skeleton (D:4)
  3 jackal zombies (Ossuary)
  5 kobolds
  6 kobold zombies (Ossuary)
  13 orc zombies (Ossuary)
  2 quokka zombies (D:5)
  5 rats
  A rat zombie (Ossuary)
141 creatures vanquished.

Notes
Turn   | Place    | Note
-------+----------+-------------------------------------------
     0 | D:1      | dtburroughs the Minotaur Berserker began the quest for the
                  | Orb.
     0 | D:1      | Reached XP level 1. HP: 19/19 MP: 0/0
   186 | D:1      | Reached XP level 2. HP: 27/27 MP: 1/1
   221 | D:1      | Found a faded altar of an unknown god.
   475 | D:1      | Reached ** piety under Trog
   476 | D:1      | Reached XP level 3. HP: 33/33 MP: 2/2
  1456 | D:2      | Found a runed translucent door.
  1457 | D:2      | Noticed Crazy Yiuf
  1505 | D:2      | Killed Crazy Yiuf
  1506 | D:2      | Reached XP level 4. HP: 34/41 MP: 0/3
  1866 | D:3      | Noticed a bullfrog
  1878 | D:3      | Killed a bullfrog
  1879 | D:3      | Reached XP level 5. HP: 41/47 MP: 4/4
  2687 | D:3      | Noticed Grinder
  2695 | D:3      | Paralysed by Grinder for 6 turns
  2724 | D:3      | Killed Grinder
  2725 | D:3      | Reached skill level 5 in Fighting
  2725 | D:3      | Reached skill level 5 in Axes
  2725 | D:3      | Reached XP level 6. HP: 12/56 MP: 5/5
  3599 | D:4      | Found a staircase to the Ecumenical Temple.
  3724 | D:4      | Reached skill level 5 in Armour
  3724 | D:4      | Reached XP level 7. HP: 62/62 MP: 6/6
  4667 | D:4      | Noticed Natasha
  4677 | D:4      | Killed Natasha
  4734 | D:4      | You fall into a shaft and drop 1 floor!
  4734 | D:5      | Entered Level 5 of the Dungeon
  4860 | D:5      | Found a sand-covered staircase.
  4872 | D:5      | Reached skill level 5 in Dodging
  4875 | Ossuary  | Entered an ossuary
  4921 | Ossuary  | Reached *** piety under Trog
  5211 | D:5      | Reached XP level 8. HP: 65/71 MP: 7/7
  5504 | D:5      | Found Wuyl's Assorted Antiques.
  5649 | D:5      | Identified the +0 leather armour "Mithaen" {rF+ rC+ rN+}
  6000 | D:6      | Slain by a gnoll

Illustrated notes

Levels and vault maps discovered:
D:1:      minmay_arrival_arboretum_small, layout_loops_ring,
          basic_ecumenical_altar
D:2:      layout_basic, hangedman_abyss_or_decor_lesser_grid,
          uniq_crazy_yiuf_cottage
D:3:      layout_loops_ring, kennysheep_generic_room_16, uniq_grinder
D:4:      minmay_evil_eye, layout_layer_cave, nicolae_uskayaw_en_pointe,
          fedhas_altar_1, minmay_temple_entry_crystal_x, uniq_natasha
D:5:      layout_loops_ring, serial_shops, shop, enter_ossuary_4
D:6:      layout_loops_ring, nicolae_overflow_hidden_temple, elyvilon_altar_5,
          minmay_misc_feat_room, uniq_sigmund

Skill      XL: |  1  2  3  4  5  6  7  8 |
---------------+-------------------------+-----
Fighting       | 4 5 6 7 |  7.0
Axes           | 4 5 6 7 |  7.1
Armour         | 3 4 5 6 |  6.5
Dodging        | 3 4 5 |  5.9

Action                   |  1- 3 |  4- 6 |  7- 9 || total
-------------------------+-------+-------+-------++-------
Melee: Hand axe          |    67 |    77 |    47 ||   191
       Headbutt          |     9 |    15 |    33 ||    57
       War axe           |       |       |   121 ||   121
Invok: Berserk           |     1 |     3 |     1 ||     5
       Trog's Hand       |       |     2 |     4 ||     6
Armor: Scale mail        |    19 |    25 |    56 ||   100
       Animal skin       |     1 |       |       ||     1
       Leather armour    |       |       |     4 ||     4
Dodge: Dodged            |    39 |    42 |    93 ||   174
